 Dungeon Crawl Stone Soup version 0.23-a0-449-g8e4cbf7 (webtiles) character file.

369 galech the Chopper (level 6, -2/48 HPs)
             Began as a Demonspawn Fighter on Nov 21, 2018.
             Killed by divine providence
             ... invoked by an orc priest
              (14 damage)
             ... on level 4 of the Dungeon.
             The game lasted 00:03:03 (3180 turns).

galech the Chopper (Demonspawn Fighter)             Turns: 3180, Time: 00:03:04

Health: -2/48      AC:  5    Str: 16    XL:     6   Next: 41%
Magic:  6/6        EV:  8    Int: 10    God:
Gold:   217        SH:  9    Dex: 14    Spells: 5/5 levels left

rFire    . . .     SeeInvis .   a - +0 war axe
rCold    + . .     Gourm    .   c - +0 shield
rNeg     + . .     Faith    .   k - +0 ring mail {rC+}
rPois    .         Spirit   .   (no helmet)
rElec    .         Reflect  .   (no cloak)
rCorr    .         Harm     .   (no gloves)
MR       .....                  (no boots)
Stlth    +.........             (no amulet)
HPRegen  0.16/turn              s - ring of positive energy
MPRegen  0.10/turn              (no ring)

@: no status effects
A: hooves 1
a: no special abilities


You were on level 4 of the Dungeon.
You were hungry.

You visited 1 branch of the dungeon, and saw 5 of its levels.

You collected 217 gold pieces.

Inventory:

Hand Weapons
 a - a +0 war axe (weapon)
Armour
 b - a +0 scale mail
 c - a +0 shield (worn)
 k - a +0 ring mail of cold resistance (worn)
Jewellery
 s - a ring of positive energy (left hand)
Scrolls
 e - a scroll of magic mapping {unknown}
 g - a scroll of teleportation {unknown}
 i - a scroll of fog {unknown}
 j - a scroll of immolation {unknown}
 m - 4 scrolls of identify {unknown}
Potions
 h - 2 potions of heal wounds {unknown}
 l - 3 potions of curing {unknown}
 n - 2 potions of agility {unknown}
 o - a potion of berserk rage {unknown}
 p - a potion of degeneration {unknown}
 q - a potion of flight {unknown}
 t - a potion of mutation {unknown}
 u - 2 potions of haste {unknown}
Comestibles
 d - 3 chunks of flesh
 f - 10 rations


   Skills:
 + Level 3.9 Fighting
 + Level 4.1 Axes
 + Level 3.8 Armour
 + Level 1.3 Dodging
 + Level 3.5 Shields


You had 5 spell levels left.
You didn't know any spells.
Your spell library was empty.

Dungeon Overview and Level Annotations

Branches:
Dungeon (5/15)
 Temple: D:4-7

Altars:
Cheibriados
Nemelex Xobeh


Innate Abilities, Weirdness & Mutations

You have large cloven feet.


Message History

You barely miss the orc priest. You kick the orc priest.
The orc priest is almost dead.
You hit the orc priest.
The orc priest calls upon Beogh to heal the orc priest.
The orc priest's wounds heal themselves!
The orc priest hits you but does no damage. x2
You are feeling hungry.
You block the orc priest's attack.
The orc priest calls down the wrath of Beogh upon you.
Beogh smites you!
* * * LOW HITPOINT WARNING * * *
Things that are here:
a +0 hand axe; a tomahawk; an orc corpse You closely miss the orc priest.
You kick the orc priest.
The orc priest is moderately wounded.
You closely miss the orc priest. x2
The orc priest casts a cantrip, but nothing happens.
The orc priest invokes the aid of Beogh against you.
Beogh smites you!
You die...

.#......... .. .
#.........# .#..
#......... .#.
#.......####..
.........##..#
.............#
##....#.....###### #####
##...###...(($...#......
##..^÷#.♣♣.♣♣(#.@o......
#.......♣#'#♣.).oo....#.
.........'_+.......####
........♣#+#♣.......#
..#.....♣ ♣......##
..#...... ........#
..##...... ........##
............#....###
#..........######


You could see 3 orc priests.

Vanquished Creatures
  A phantom (D:4)
  A bullfrog (D:4)
  A hound (D:2)
  An orc priest (D:2)
  An orc wizard (D:3)
  A hound skeleton (D:3)
  4 gnolls (D:4)
  A worm (D:4)
  A dart slug (D:1)
  10 orcs
  7 bats
  3 giant cockroaches
  4 goblins
  6 hobgoblins
  8 jackals
  2 quokkas
  5 frilled lizards
  7 kobolds
  6 rats
70 creatures vanquished.

Notes
Turn   | Place    | Note
-------+----------+-------------------------------------------
     0 | D:1      | galech the Demonspawn Fighter began the quest for the Orb.
     0 | D:1      | Reached XP level 1. HP: 18/18 MP: 1/1
   349 | D:1      | Gained mutation: You have large cloven feet. [demonic
                  | ancestry]
   349 | D:1      | Reached XP level 2. HP: 24/24 MP: 2/2
   393 | D:1      | Reached skill level 2 in Axes
   957 | D:2      | Reached XP level 3. HP: 29/29 MP: 3/3
  1249 | D:2      | Found a snail-covered altar of Cheibriados.
  1883 | D:3      | Reached XP level 4. HP: 30/35 MP: 4/4
  2109 | D:2      | Reached skill level 3 in Axes
  2449 | D:3      | Reached XP level 5. HP: 37/41 MP: 5/5
  2671 | D:3      | You fall through a shaft for 2 floors!
  2671 | D:5      | Entered Level 5 of the Dungeon
  2684 | D:4      | Reached skill level 1 in Dodging
  2686 | D:4      | Noticed a phantom
  2688 | D:4      | Reached XP level 6. HP: 25/48 MP: 6/6
  3046 | D:4      | Reached skill level 4 in Axes
  3163 | D:4      | Found a sparkling altar of Nemelex Xobeh.
  3180 | D:4      | Killed from afar by an orc priest

Vault maps used:
D:1:      kilobyte_arrival_exit_the_forest
D:2:      overflow_temple_1_default, first_ration, dk_vineyard_2,
          mrwooster_statue_mirror
D:3:      nicolae_tso_swordbearing_angel
D:4:      kennysheep_mini_moat
D:5:      nicolae_overflow_hidden_temple, old_standard_altar, serial_park,
          serial_park_square2, serial_park_square1, serial_park_tiny_2,
          serial_park_square1, kennysheep_generic_room_6

Skill      XL: |  1  2  3  4  5  6 |
---------------+-------------------+-----
Axes           | 2 3 4 |  4.1
Shields        | 3 |  3.5
Armour         | 3 |  3.8
Dodging        | 1 |  1.3
Fighting       | |  3.9

Action                   |  1- 3 |  4- 6 || total
-------------------------+-------+-------++-------
Melee: War axe           |   117 |    76 ||   193
       Kick              |    14 |    24 ||    38
  Use: Potion            |       |     1 ||     1
  Eat: Chunk             |     3 |     4 ||     7
Armor: Scale mail        |    41 |       ||    41
       Ring mail         |    33 |    23 ||    56
Dodge: Dodged            |    38 |    30 ||    68
Block: Shield            |    53 |    49 ||   102

Table legend:
 A = Non-vault XP
 B = Vault XP
 C = Vault XP percentage of total XP
 D = Non-vault monster count
 E = Vault monster count
 F = Vault count percentage of total count
                 A         B        C        D         E       F
            +---------+---------+-------+---------+---------+-------
      Total |     528 |       0 |   0.0 |      70 |       0 |   0.0
            +---------+---------+-------+---------+---------+-------
        D:1 |      37 |       0 |   0.0 |      21 |       0 |   0.0
        D:2 |     113 |       0 |   0.0 |      18 |       0 |   0.0
        D:3 |      94 |       0 |   0.0 |      19 |       0 |   0.0
        D:4 |     284 |       0 |   0.0 |      12 |       0 |   0.0
            +---------+---------+-------+---------+---------+-------
